Digby, chaotic male elven Wizard ^ III Digby the Thaumaturge Experience level: 6 Strength: 13 Dexterity: 13 Constitution: 14 Intelligence: 16 Wisdom: 12 Charisma: 9 Health: 0(48) Energy: 73(73) Def: 1 Gold: 83 Moves: 1790 Dungeon seed: 8SlWItEuVUl271JY Game ID: Digby_1529770484 Your Inventory: Coins $ - 83 gold pieces Weapons a - a blessed +1 quarterstaff Armor e - an uncursed +0 cloak of magic resistance (being worn) Comestibles p - an uncursed partly eaten food ration Scrolls h - an uncursed scroll of magic mapping i - a blessed scroll of magic mapping j - an uncursed scroll of enchant armor s - an uncursed scroll of enchant weapon Spellbooks k - a blessed spellbook of force bolt u - an uncursed spellbook of cure sickness v - an uncursed spellbook of dig G - an uncursed spellbook of blank paper Potions g - an uncursed potion of fruit juice r - an uncursed potion of enlightenment t - an uncursed potion of water F - an uncursed potion of restore ability Rings c - an uncursed +1 ring of increase accuracy (on right hand) d - an uncursed ring of poison resistance (on left hand) Wands b - a wand of striking (0:5) x - a wand of cancellation (0:5) Tools l - an uncursed lock pick m - an uncursed tooled horn w - 4 uncursed tallow candles (0:200) E - a +0 pick-axe (weapon in hand) Spells and supernatural/magical abilities: Name Level Category Fail Memory a - force bolt 1 attack 0% 92% d - dig 5 matter 100% 95% K - cure sickness 3 healing 91% 92% W - pray for help -- divine ? -- Your skills at the end: Fighting Skills Weapon Skills quarterstaff [Basic] Spellcasting Skills attack spells [Basic] enchantment spells [Basic] Final Attributes: You were piously aligned. You were sleep resistant. You were poison resistant. You were magic-protected. You were blinded. You had infravision. You had a +1 bonus to hit. You are dead. Vanquished creatures: a leprechaun a blue jelly a violet fungus a gnome lord 2 gnomish wizards 2 giant ants 2 little dogs 4 dwarves 3 rothes a monkey 2 hobbits 13 gnomes a garter snake 3 jackals 3 goblins 2 lichens 7 newts 49 creatures vanquished. Voluntary challenges: You used a wielded weapon 48 times, starting on turn 17. You read items or engraved 44 times, starting on turn 665. You never genocided any monsters. You never polymorphed an object. You never changed form. You used no wishes. You never split a pudding. You wrote Elbereth's name 9 times, starting on turn 720. You never violated your personal moral code. Dungeon overview: The Dungeons of Doom: levels 1 to 10 Level 1 a long staircase Level 2 a weapon shop, some altars to Thoth and Anhur, a sink Level 3 stairs to The Gnomish Mines Level 4 Level 5 Level 6 Level 7 a potion shop Level 8 Level 9 Level 10 <- You were here The Gnomish Mines: levels 4 to 6 Level 4 stairs to The Dungeons of Doom Level 5 Level 6 many shops, a temple to Ptah, some fountains History has recorded: On T:1 you entered the Dungeons of Doom to retrieve the Amulet of Yendor! On T:121 you reached level 2 of The Dungeons of Doom. On T:343 you reached level 3 of The Dungeons of Doom. On T:439 you reached level 4 of The Dungeons of Doom. On T:515 you reached level 1 of The Gnomish Mines. On T:518 you advanced to experience level 2. On T:569 you reached level 2 of The Gnomish Mines. On T:571 you advanced to experience level 3. On T:588 you reached level 3 of The Gnomish Mines. On T:630 you advanced to experience level 4. On T:1004 you advanced to experience level 5. On T:1426 you advanced to experience level 6. On T:1601 you reached level 5 of The Dungeons of Doom. On T:1628 you reached level 6 of The Dungeons of Doom. On T:1688 you reached level 7 of The Dungeons of Doom. On T:1730 you reached level 8 of The Dungeons of Doom. On T:1751 you reached level 9 of The Dungeons of Doom. On T:1779 you reached level 10 of The Dungeons of Doom. Score breakdown: Gold: 83 ( 6545 points) Experience: 6 levels (12456 points) Exploration: 10 levels ( 19.61%) (12727 points) Discoveries: 3 items ( 1.08%) ( 3116 points) Valuables value: (no points given unless you survive) Artifact value: 0 ( 0 points) Variety of kills: 17 monsters ( 4.46%) ( 6336 points) Turncount: 1790 turns ( 0 points) Survival: died (score multiplied by 80%) Total score: 32944 Latest messages: You continue digging downward. (13x) You dig a hole through the floor. You fall through... You start digging downward. You continue digging downward. (4x) You dig a pit in the floor. You continue digging downward. (2x) It bites! You continue digging downward. It bites! (2x) You continue digging downward. It bites! Your candle is consumed! You continue digging downward. It hits! It bites! (4x) You start playing the tooled horn. You produce a frightful, grave sound. It bites! You die... Final status: Goodbye Digby the Wizard, killed by a giant rat... You died in The Dungeons of Doom on dungeon level 10 with 32944 points, and 83 pieces of gold, after 1790 moves. You were level 6 with a maximum of 48 hit points when you died.